 Dungeon Crawl Stone Soup version 0.19.0-9-gfd783f2 (webtiles) character file.

36 Gingerlord the Ruffian (level 3, -1/33 HPs)
             Began as a Ghoul Monk on Nov 7, 2016.
             Slain by a goblin
             ... wielding a +0 club
              (4 damage)
             ... on level 2 of the Dungeon.
             The game lasted 00:01:28 (727 turns).

Gingerlord the Ruffian (Ghoul Monk)                  Turns: 727, Time: 00:01:29

Health: -1/33      AC:  2    Str: 11 (14) XL:     3   Next: 37%
Magic:  2/2        EV: 13    Int:  7 (9)  God:
Gold:   68         SH:  0    Dex: 11 (12) Spells: 0 memorised, 2 levels left

rFire  . . .     SeeInvis .       - Unarmed
rCold  + . .     Gourm    .     a - +0 robe
rNeg   + + +     Faith    .     (no shield)
rPois  ∞         Spirit   .     (no helmet)
rElec  .         Reflect  .     (no cloak)
rCorr  .         Harm     .     (no gloves)
MR     .....                    (no boots)
Stlth  ++........               (no amulet)
                                (no ring)
                                e - +4 ring of intelligence

@: flying, very slightly contaminated, rotting, hasted, very quick
A: rotting body, claws 1, carnivore 3, cold resistance 1, negative energy
resistance 3, slow regeneration 1, torment resistance, unbreathing
a: no special abilities


You were on level 2 of the Dungeon.
You were not hungry.

You visited 1 branch of the dungeon, and saw 2 of its levels.

You collected 68 gold pieces.

Inventory:

Armour
 a - a +0 robe (worn)
Jewellery
 e - a +4 ring of intelligence (left claw)
Scrolls
 d - a scroll of remove curse {unknown}
 f - a scroll of identify {unknown}
 h - a scroll of blinking {unknown}
Potions
 c - a potion of degeneration
Comestibles
 b - 2 meat rations
 j - a chunk of flesh


   Skills:
 + Level 3.8 Fighting
 + Level 1.0 Armour
 + Level 2.8 Dodging
 - Level 2.1 Stealth
 * Level 3.9 Unarmed Combat


You had 2 spell levels left.
You didn't know any spells.

Dungeon Overview and Level Annotations

Branches:
Dungeon (2/15)

Altars:
Kikubaaqudgha

Annotations:
D:2 Robin


Innate Abilities, Weirdness & Mutations

Your body is rotting away.
You thrive on raw meat.
You are immune to poison.
You have sharp fingernails.
You are carnivorous and can eat meat at any time.
Your flesh is cold resistant. (rC+)
You are immune to negative energy. (rN+++)
You regenerate slowly when monsters are visible.
You are immune to unholy pain and torment.
You can survive without breathing.


Message History

You claw the goblin!
You kill the goblin!
The goblin barely misses you. Robin throws the goblin at you!
Unknown command.
It was a potion of degeneration.
There was something very wrong with that liquid.
You feel weakened.
You feel dopey.
You feel clumsy. The goblin misses you. The goblin hits you.
* * * LOW HITPOINT WARNING * * *
It was a potion of haste.
You feel yourself speed up. The goblin misses you.
The goblin barely misses you.
You are very lightly contaminated with residual magic.
It was a potion of flight.
You feel very buoyant.
You fly up into the air.
The goblin no longer looks unusually strong.
The goblin closely misses you. The goblin barely misses you.
You scratch the goblin but do no damage.
You completely miss the goblin. The goblin hits you with a club.
You die... ..# #........###### #.# #........# # #.# #....>...## # ###.# #.........# ## gKg# #.###.###.####. gg#

#.##.......##.. ## #.#
#.##..###..#...
##...#g######.##...##......
......)gKgg@g...............
###.....g#####.##...##......
##.#.#.# ###..........#...
###...# #....÷....#####..
#.### #.######..# ##. #. #.#
#.....# ## #. #.# #.###.# #
#.###.###.#######
#.........##...##


You could see Robin, 2 hobgoblins, 3 goblins and a kobold.

Vanquished Creatures
  2 dart slugs (D:1)
  2 leopard geckos
  2 bats (D:1)
  2 giant cockroaches
  8 goblins
  4 hobgoblins
  A kobold (D:1)
  4 frilled lizards
  A rat (D:1)
  2 rat zombies (D:2)
28 creatures vanquished.

Notes
Turn   | Place    | Note
-------+----------+-------------------------------------------
     0 | D:1      | Gingerlord the Ghoul Monk began the quest for the Orb.
     0 | D:1      | Reached XP level 1. HP: 19/19 MP: 0/0
    86 | D:1      | Reached XP level 2. HP: 22/26 MP: 1/1
   531 | D:2      | Found an ancient bone altar of Kikubaaqudgha.
   591 | D:2      | Reached XP level 3. HP: 30/32 MP: 2/2
   705 | D:2      | Noticed Robin
   720 | D:2      | Reached skill level 1 in Armour
   727 | D:2      | Slain by a goblin

Skill      XL: |  1  2  3 |
---------------+----------+-----
Armour         | 1 |  1.0
Fighting       | |  3.8
Dodging        | |  2.8
Stealth        | |  2.1
Unarmed Combat | |  3.9

Action                   || total
-------------------------++-------
Melee: Unarmed           ||    60
       Punch             ||     2
  Use: Potion            ||     3
 Stab: Sleeping          ||     5
  Eat: Chunk             ||     2
Armor: Robe              ||    10
Dodge: Dodged            ||    34
